 Dungeon Crawl Stone Soup version 0.30-a0-331-g8ab09dc110 (webtiles) character file.

Game seed: 4546842904566825759

29609 ytrimaz the Severer (level 13, 0/103 HPs)
             Began as a Formicid Fighter on Oct 29, 2022.
             Was the Champion of Okawaru.
             Hit by a large rock thrown by a cyclops (28 damage)
             ... on level 13 of the Dungeon.
             The game lasted 00:20:56 (14340 turns).

ytrimaz the Severer (Formicid Fighter)             Turns: 14340, Time: 00:20:57

Health: 0/103      AC: 17    Str: 29    XL:     13   Next: 82%
Magic:  19/22      EV: 15    Int: 15    God:    Okawaru [******]
Gold:   1220       SH: 13    Dex: 24    Spells: 12/12 levels left

rFire   . . .      SeeInvis +    A - +2 battleaxe (venom)
rCold   + + +      Faith    .    c - +0 buckler
rNeg    . . .      Spirit   .    E - +6 leather armour of Plog {Will+ Str+4 Int+3}
rPois   +          Reflect  +    (helmet unavailable)
rElec   .          Harm     .    M - +0 cloak of the Apprentice {Rampage rPois rC+}
rCorr   .          Rampage  ∞    I - +0 pair of fencer's gloves {Riposte Dex+3}
Will    ++...                    i - +3 pair of seven-league boots {Rampage+∞}
Stlth   +++.......               J - amulet "Guriwok" {Reflect Drain rPois rC+++ Dex+3 SH+5}
HPRegen 0.37/turn                m - ring of flight
MPRegen 0.18/turn                g - +6 ring of dexterity

@: heroic, finesse-ful, flying, invisible
A: permanent stasis, dig shafts and tunnels, antennae 3, four strong arms,
clever 1
a: Dig, Shaft Self, Renounce Religion, Heroism, Finesse, Duel


You were on level 13 of the Dungeon.
You worshipped Okawaru.
Okawaru was exalted by your worship.
You visited 2 branches of the dungeon, and saw 14 of its levels.
You also visited: Sewer, Ossuary and Gauntlet.

You collected 1220 gold pieces.


Innate Abilities, Weirdness & Mutations

You cannot be hasted, slowed, berserked, paralysed or teleported.
You can dig through walls and to a lower floor.
You have a pair of large antennae on your head. (SInv)
Your four strong arms can wield two-handed weapons with a shield.
Your mind is acute. (Int +4, Str/Dex -1)


   Skills:
 - Level 10.0(15.0) Fighting
 + Level 18.1(23.1) Axes
 - Level 3.2(8.2) Armour
 - Level 4.0(9.0) Shields
 - Level 12.0 Invocations


You had 12 spell levels left.
You didn't know any spells.
Your spell library contained the following spells:

 Spells                   Type           Power      Damage    Failure   Level
 Foxfire                  Conj/Fire      0%         2x1d4     34%         1
 Shock                    Conj/Air       0%         1d3       34%         1
 Ensorcelled Hibernation  Hex/Ice        0%         N/A       45%         2
 Hailstorm                Conj/Ice       0%         3d3       71%         3
 Kindle Blastsparks       Fire/Tloc/Air  0%         2d10      71%         3
 Portal Projectile        Hex/Tloc       0%         N/A       71%         3
 Spider Form              Tmut/Pois      0%         N/A       71%         3
 Anguish                  Hex/Necr       0%         N/A       98%         4
 Ice Form                 Ice/Tmut       0%         N/A       98%         4
 Passage of Golubria      Tloc           0%         N/A       98%         4
 Alistair's Intoxication  Tmut/Pois      0%         N/A       100%        5
 Blade Hands              Tmut           0%         N/A       100%        5
 Borgnjor's Vile Clutch   Necr/Erth      0%         N/A       100%        5
 Fireball                 Conj/Fire      0%         3d3       100%        5
 Dispersal                Tloc           0%         N/A       100%        6
 Eringya's Noxious Bog    Tmut/Pois      0%         N/A       100%        6
 Starburst                Conj/Fire      0%         6d3       100%        6
 Orb of Destruction       Conj           0%         9d5       100%        7
 Summon Guardian Golem    Hex/Summ       Unusable   N/A       N/A         3
 Tukima's Dance           Hex            Unusable   N/A       N/A         3
 Simulacrum               Ice/Necr       Unusable   N/A       N/A         6
 Spellforged Servitor     Conj/Summ      Unusable   N/A       N/A         7

Inventory:

Hand Weapons
 a - a +0 war axe
 w - a +0 mace
   (You took it off a gargoyle on level 10 of the Dungeon)
 A - a +2 battleaxe of venom (weapon)
   (You took it off a wight on level 7 of the Dungeon)
 G - a +1 vorpal war axe
   (You took it off a wight on level 6 of the Dungeon)
 H - a +1 vorpal executioner's axe
   (Okawaru gifted it to you on level 10 of the Dungeon)
 O - a +1 vampiric battleaxe
   (You took it off a minotaur in a Gauntlet)
Missiles
 q - 10 boomerangs
 z - 5 curare-tipped darts
 B - 69 poisoned darts
 F - 4 throwing nets
 P - 5 javelins
Armour
 c - a +0 buckler (worn)
 i - the +3 pair of seven-league boots (worn) {Rampage+∞}
   (You acquired it on level 7 of the Dungeon)

   Its wearer moves as far as possible in that direction when moving towards
   enemies.
 u - a +0 troll leather armour
   (You found it on level 9 of the Dungeon)
 y - a +0 cloak
   (You found it on level 6 of the Dungeon)
 E - the +6 leather armour of Plog (worn) {Will+ Str+4 Int+3}
   (You found it on level 8 of the Dungeon)

   Str:       It affects your strength (+4).
   Int:       It affects your intelligence (+3).
   Will:      It increases your willpower.
 I - the +0 pair of fencer's gloves (worn) {Riposte Dex+3}
   (Okawaru gifted it to you on level 11 of the Dungeon)

   It allows the wearer to riposte with melee weapons, swiftly retaliating
   against missed or blocked melee attacks.
   Dex:       It affects your dexterity (+3).
 M - the +0 cloak of the Apprentice (worn) {Rampage rPois rC+}
   (You found it in a Gauntlet)

   rC:        It protects you from cold.
   rPois:     It protects you from poison.
   Rampage:   It bestows one free step when moving towards enemies.
Jewellery
 g - a +6 ring of dexterity (right hand)
   (You found it on level 5 of the Dungeon)
 m - a ring of flight (left hand)
   (You found it on level 3 of the Dungeon)
 r - an amulet of guardian spirit
   (You found it on level 3 of the Dungeon)
 v - a ring of fire
   (You found it on level 5 of the Dungeon)
 J - the amulet "Guriwok" (around neck) {Reflect Drain rPois rC+++ Dex+3 SH+5}
   (You acquired it on level 10 of the Dungeon)

   [amulet of reflection]

   It reflects blocked missile attacks.
   Dex:       It affects your dexterity (+3).
   rC:        It renders you almost immune to cold.
   rPois:     It protects you from poison.
   Drain:     It drains your maximum health when unequipped.
   SH:        It affects your SH (+5).
 N - a +4 ring of evasion
   (You took it off a minotaur in a Gauntlet)
 S - a +4 ring of protection
   (You found it in a Gauntlet)
 T - a ring of positive energy
   (You found it in a Gauntlet)
 U - a ring of magical power
   (You found it in a Gauntlet)
Wands
 b - a wand of polymorph (6)
   (You found it on level 4 of the Dungeon)
 d - a wand of flame (11)
   (You took it off Pikel on level 5 of the Dungeon)
 j - a wand of iceblast (7)
   (You found it on level 7 of the Dungeon)
 k - a wand of digging (6)
   (You found it on level 8 of the Dungeon)
 L - a wand of mindburst (6)
   (You found it on level 12 of the Dungeon)
Scrolls
 e - 5 scrolls of amnesia
 f - a scroll of fear
 h - 3 scrolls of torment
 x - 2 scrolls of enchant weapon
 C - 2 scrolls of magic mapping
 K - 3 scrolls of identify
 R - a scroll of enchant armour
Potions
 l - 7 potions of flight
 n - a potion of invisibility
 o - a potion of resistance
 p - 4 potions of magic
 s - 4 potions of heal wounds
 t - 6 potions of curing
 D - 2 potions of ambrosia
 Q - a potion of mutation

Dungeon Overview and Level Annotations

Branches:
Dungeon (13/15) Zot: 26952  Temple (1/1) D:4 Zot: 5751    Lair (0/5) D:11
    Orc (0/2) D:9           Sewer (visited)         Ossuary (visited)
Gauntlet (visited)
 Vaults: D:13-14

Altars:
Ashenzari
Cheibriados
Dithmenos
Elyvilon
Fedhas
Gozag
Hepliaklqana
Kikubaaqudgha
Makhleb
Nemelex Xobeh
Okawaru
Qazlal
Ru
Sif Muna
Trog
Uskayaw
Vehumet
Wu Jian
Xom
Yredelemnul
Zin
The Shining One

Annotations:
D:6 exclusion: door
D:8 3 runed translucent doors, Taurus's ghost, novice MiFi
D:11 exclusion: hydra

#.. ##.## ..# #
#...## ..# #.###
#.... ..# ... .C.
#.# #
#.###.#####.##.#
#.ZZ.)).J...$.
...###.{.{#)####.#
#.W.Z.#.###@<.).#
.Z>##.## ##.####
## ##.###)##
##.#.##
#######...#
.......<..#
..........#
###########


You could see a cyclops (unable to see you).


Message History

The two-headed ogre looks as sick as possible!
You closely miss the wraith.
The two-headed ogre hits you but does no damage.
The two-headed ogre closely misses you.
You miss the spriggan simulacrum. You hit the wraith but do no damage.
The slime creature quivers.
You hit the two-headed ogre.
The two-headed ogre looks as sick as possible!
The wraith hits you!
* * * LOW HITPOINT WARNING * * *
A polar bear simulacrum comes into view.
The centaur wields a +0 shortbow.
The centaur shoots an arrow.
You reflect the arrow off an invisible shield around you!
The arrow hits the centaur. 😱 HP[-7]
You take 7 damage, and now have 23/103 hp.
You stride towards the slime creature!
You catch the helpless slime creature completely off-guard!
You hit the slime creature.
Unknown command.
You stride towards the centaur!
You catch the helpless centaur completely off-guard!
You slice the centaur!!
You kill the centaur!
Okawaru accepts your kill.
You barely miss the slime creature.
The slime creature hits you but does no damage. 😱 HP[+1]
Things that are here:
a +0 shortbow; a centaur corpse Okawaru is honoured by your kill.
You feel a bit more experienced.
Your Axes skill increases to level 18!
Unknown command.
You open the slime creature like a pillowcase!!!
You kill the slime creature!
Okawaru accepts your kill. 😱 HP[+1]
You stride towards the spriggan simulacrum!
A slime creature comes into view.
You slice the spriggan simulacrum!! You slash the wraith!
The spriggan simulacrum barely misses you.
Unknown command.
You slice the spriggan simulacrum!! Okawaru accepts your kill.
You slice the wraith!!
You destroy the wraith!
Okawaru accepts your kill.
Really fly into that cloud of freezing vapour?
Okay, then.
You stride towards the slime creature!
You hit the slime creature but do no damage. 😱 MP[+1] Unknown command.
Unknown command.
You slash the slime creature!
The slime creature is poisoned.
You slice the slime creature!!
The slime creature looks as sick as possible!
The slime creature hits you but does no damage.
You catch the helpless slime creature completely off-guard!
You cut the slime creature into ribbons!!!
You kill the slime creature!
Okawaru accepts your kill. Okawaru grants you a weapon!
Something appears at your feet!
You see here a +0 broad axe of flaming.
You slash the slime creature!
The slime creature looks as sick as possible!
You hit the slime creature.
The slime creature looks as sick as possible! 😨 HP[+1]
You slash the slime creature! You block the slime creature's attack.
Unknown command.
You catch the helpless slime creature completely off-guard!
You slice the slime creature!!
You kill the slime creature!
Okawaru accepts your kill.
A water nymph comes into view.
The water nymph changes into a glowing orange brain!
Unknown command.
You barely miss the glowing orange brain.
Unknown command.
You slice the glowing orange brain!!
The glowing orange brain looks as sick as possible! 😨 HP[+1]
You slice the glowing orange brain!!
The glowing orange brain looks as sick as possible!
A naga simulacrum comes into view.
A cyclops comes into view.
You barely miss the glowing orange brain.
You gain the combat prowess of a mighty hero.
The glowing orange brain changes into a swamp dragon!
The cyclops throws a large rock.
The large rock hits the wraith!!!
The wraith is destroyed! 😨 MP[-1]
You lost 1 mp, and now have 19/22 mp.
Unknown command.
You slice the swamp dragon!!
You kill the swamp dragon!
Okawaru accepts your kill.
The cyclops throws a large rock.
The large rock hits you!!
You die...

Skill      XL: |  1  2  3  4  5  6  7  8  9 10 11 12 13 |
---------------+----------------------------------------+-----
Fighting       | 4 5 6 8 10 | 10.0
Axes           | 3 4 5 6 7 9 11 13 15 18 | 18.1
Invocations    | 3 8 11 12 | 12.0
Armour         | |  3.2
Shields        | |  4.0

Action                   |  1- 3 |  4- 6 |  7- 9 | 10-12 | 13-15 || total
-------------------------+-------+-------+-------+-------+-------++-------
Melee: War axe           |    96 |   167 |   274 |   251 |       ||   788
       Battleaxe         |       |       |       |   196 |   139 ||   335
Invok: Heroism           |       |       |     6 |    24 |     5 ||    35
       Finesse           |       |       |       |     3 |     4 ||     7
 Abil: Dig               |       |     1 |       |       |       ||     1
       Shaft Self        |       |       |     1 |     1 |       ||     2
  Use: Scroll            |     9 |     4 |     3 |     9 |       ||    25
       Potion            |       |     1 |     7 |     1 |     2 ||    11
 Stab: Distracted        |       |       |       |     1 |       ||     1
       Invisible         |       |       |       |       |    12 ||    12
Armor: Scale mail        |    24 |       |       |       |       ||    24
       Chain mail        |    40 |   100 |   179 |    36 |       ||   355
       Leather armour    |       |       |       |   132 |    34 ||   166
       Troll leather arm |       |       |       |    12 |       ||    12
       Skin              |       |       |       |     2 |       ||     2
Dodge: Dodged            |    54 |    64 |   128 |   203 |    28 ||   477
Block: Buckler           |    37 |    52 |    86 |   151 |    62 ||   388
       Reflection        |       |       |       |       |     6 ||     6
       Rpst.: Battleaxe  |       |       |       |       |    23 ||    23

Levels and vault maps discovered:
D:1:      scummos_arrival_checkerplants, layout_rooms, minmay_misc_feat_roman
D:2:      layout_basic, basic_altar
D:3:      layout_basic, nicolae_overflow_crystal_walls, hangedman_ru_absence,
          mainiacjoe_overflow_alcove_1, gup_sewer_entry_spiral, st_stairs_9,
          minmay_vboxes
D:4:      layout_gridville, nicolae_wu_jian_wuxing_cycle,
          mainiacjoe_overflow_24_doors, general_overflow_altar,
          minmay_temple_entry_overgrown, minmay_fractal_squares_gapless_5
D:5:      layout_rooms, uniq_pikel
D:6:      cheibrodos_fertilizer, layout_layer_cave, elyvilon_altar_5,
          minmay_ogre_servants, uniq_grinder, uniq_sigmund, uniq_menkaure,
          uniq_eustachio
D:7:      layout_rooms, enter_bailey_4, nicolae_ossuary_entry_false_entrances
D:8:      layout_rooms, nicolae_yredelemnul_ghost_church
D:9:      layout_stronghold, lemuel_doored_altar, mainiacjoe_overflow_catwalk,
          kennysheep_orc_monster_closet_entryway, minmay_misc_feat_square
D:10:     layout_cave_pools, trog_hazing_becter, evilmike_minifort, uniq_grum,
          uniq_psyche
D:11:     layout_roguey, dpeg_lair_monsters, serial_glass, glass_columns_b,
          glass_columns_a, glass_columns_a, glass_columns_c,
          kennysheep_small_square
D:12:     layout_cave_pools, gauntlet_entry_generic
D:13:     layout_loops_ring, david_vaults_4, portal_ice_cave_entry_ice_simulacra
Temple:   minmay_temple_curvy_loop

Notes
Turn   | Place    | Note
-------+----------+-------------------------------------------
     0 | D:1      | ytrimaz the Formicid Fighter began the quest for the Orb.
     0 | D:1      | Reached XP level 1. HP: 18/18 MP: 1/1
     0 | D:1      | magus.rc [v1.9.6]
    61 | D:1      | You pick up a book of Fire and begin reading...
    61 | D:1      | You add the spells Foxfire, Fireball and Starburst to your
                  | library.
    75 | D:1      | Reached XP level 2. HP: 7/24 MP: 2/2
   628 | D:2      | Identified the +3 chain mail of the Butcher {Will- Int+4
                  | Dex+3}
   668 | D:2      | Reached XP level 3. HP: 30/30 MP: 3/3
   712 | D:2      | Found a shimmering blue altar of Sif Muna.
   803 | D:2      | Reached skill level 4 in Fighting
  1032 | D:2      | You pick up a book of Dreams and begin reading...
  1032 | D:2      | You add the spells Ensorcelled Hibernation, Spider Form and
                  | Anguish to your library.
  1598 | D:3      | Reached skill level 3 in Axes
  1617 | D:3      | Found a stormy altar of Qazlal.
  1744 | D:3      | Reached XP level 4. HP: 38/38 MP: 4/4
  1886 | D:3      | Found a glowing drain.
  1890 | Sewer    | Entered a sewer
  1956 | Sewer    | Reached XP level 5. HP: 43/43 MP: 5/5
  2054 | Sewer    | Reached skill level 5 in Fighting
  2062 | Sewer    | Reached skill level 4 in Axes
  2074 | Sewer    | HP: 9/44 [river rat (5)]
  2444 | Sewer    | Noticed a malarious merfolk avatar
  2460 | Sewer    | Killed a malarious merfolk avatar
  2461 | Sewer    | Reached XP level 6. HP: 29/51 MP: 6/6
  2766 | D:3      | Found a glowing silver altar of Zin.
  2832 | D:3      | Identified the +0 ring mail "Qemixix" {Dex+4}
  3004 | D:3      | Found a sacrificial altar of Ru.
  3305 | D:4      | Found an ornate altar of the Wu Jian Council.
  3389 | D:4      | Found a staircase to the Ecumenical Temple.
  3407 | Temple   | Entered the Ecumenical Temple
  3620 | Temple   | Became a worshipper of Warmaster Okawaru
  3728 | D:4      | Noticed a black bear
  3728 | D:4      | Noticed an ogre
  3738 | D:4      | Killed a black bear
  3739 | D:4      | Reached skill level 6 in Fighting
  3739 | D:4      | Reached skill level 5 in Axes
  3739 | D:4      | Reached XP level 7. HP: 57/58 MP: 5/7
  3853 | D:4      | Found a broken altar of Ashenzari.
  3998 | D:4      | Found a shimmering altar of Xom.
  4100 | D:4      | Reached * piety under Okawaru
  4361 | D:5      | Entered Level 5 of the Dungeon
  4376 | D:5      | Noticed Pikel
  4385 | D:5      | HP: 14/59 [Pikel/+2 whip of flaming (1)]
  4387 | D:5      | HP: 5/59 [Pikel/+2 whip of flaming (10)]
  4387 | D:5      | HP: 2/59 [Pikel/+2 whip of flaming (3)]
  4393 | D:5      | Killed Pikel
  4394 | D:5      | Reached skill level 8 in Fighting
  4394 | D:5      | Reached skill level 6 in Axes
  4394 | D:5      | Reached XP level 8. HP: 38/68 MP: 0/8
  4465 | D:5      | Reached skill level 7 in Axes
  4769 | D:5      | Reached ** piety under Okawaru
  4900 | D:5      | Reached XP level 9. HP: 73/75 MP: 7/9
  4981 | D:5      | Reached skill level 9 in Fighting
  5140 | D:6      | Found a white marble altar of Elyvilon.
  5222 | D:6      | Noticed Menkaure
  5231 | D:6      | Killed Menkaure
  5232 | D:6      | Reached skill level 8 in Axes
  5496 | D:6      | Noticed a slime creature
  5518 | D:6      | HP: 13/78 [slime creature (8)]
  5855 | D:6      | Noticed Eustachio
  5889 | D:6      | Killed Eustachio
  5890 | D:6      | Reached skill level 10 in Fighting
  5890 | D:6      | Reached skill level 9 in Axes
  5941 | D:6      | Reached skill level 1 in Invocations
  5984 | D:6      | Noticed Grinder
  5996 | D:6      | Gained mutation: Your mind is acute. (Int +4, Str/Dex -1)
                  | [potion of mutation]
  5998 | D:6      | HP: 17/78 [gnoll/+0 spear[a gnoll bouda] (5)]
  6003 | D:6      | HP: 19/78 [water moccasin (4)]
  6009 | D:6      | You are sucked into a shaft and drop 1 floor!
  6009 | D:7      | Found a sand-covered staircase.
  6012 | Ossuary  | Entered an ossuary
  6272 | Ossuary  | Reached skill level 2 in Invocations
  6566 | D:7      | Reached *** piety under Okawaru
  6578 | D:7      | Reached skill level 3 in Invocations
  6582 | D:7      | Reached XP level 10. HP: 34/85 MP: 4/12
  6606 | D:7      | Reached skill level 4 in Invocations
  6670 | D:7      | Reached skill level 10 in Axes
  6670 | D:7      | HP: 11/83 [wight/+2 halberd of freezing (11)]
  6675 | D:7      | HP: 1/83 [wight/+0 morningstar (9)]
  6676 | D:7      | You are sucked into a shaft and drop 2 floors!
  7013 | D:8      | Reached skill level 5 in Invocations
  7143 | D:8      | Identified the +6 leather armour of Plog {Will+ Str+4
                  | Int+3}
  7243 | D:6      | Noticed Sigmund
  7249 | D:6      | Killed Sigmund
  7250 | D:6      | Reached skill level 6 in Invocations
  7814 | D:6      | Killed Grinder
  7815 | D:6      | Reached skill level 7 in Invocations
  8259 | D:6      | Reached skill level 11 in Axes
  8505 | D:7      | Reached **** piety under Okawaru
  8590 | D:7      | Identified a scroll of acquirement
  8590 | D:7      | Acquired the +3 pair of seven-league boots {Rampage+∞}
  8590 | D:7      | Found the +3 pair of seven-league boots {Rampage+∞}
  8932 | D:8      | Noticed a two-headed ogre
  8943 | D:8      | Killed a two-headed ogre
  8944 | D:8      | Reached skill level 8 in Invocations
  8944 | D:8      | Reached XP level 11. HP: 77/90 MP: 11/17
  8982 | D:8      | You pick up a book of Weapons and begin reading...
  8982 | D:8      | You add the spells Portal Projectile and Blade Hands to
                  | your library.
  9039 | D:8      | Found a runed translucent gate.
  9039 | D:8      | Found a runed translucent gate.
  9039 | D:8      | Found a runed translucent gate.
  9039 | D:8      | Noticed Taurus's ghost (novice MiFi)
  9041 | D:8      | Found a basalt altar of Yredelemnul.
  9089 | D:8      | Reached skill level 9 in Invocations
  9325 | D:9      | Noticed a two-headed ogre
  9336 | D:9      | Killed a two-headed ogre
  9337 | D:9      | Reached skill level 12 in Axes
  9486 | D:9      | Reached ***** piety under Okawaru
  9487 | D:9      | Reached skill level 10 in Invocations
  9874 | D:9      | Found a burning altar of Makhleb.
 10032 | D:9      | Noticed a two-headed ogre
 10040 | D:9      | Killed a two-headed ogre
 10147 | D:9      | Found a staircase to the Orcish Mines.
 10499 | D:9      | Found a shadowy altar of Dithmenos.
 10883 | D:10     | Entered Level 10 of the Dungeon
 10889 | D:10     | Noticed Psyche
 10891 | D:10     | Reached skill level 11 in Invocations
 10898 | D:10     | Received a gift from Okawaru
 10907 | D:10     | Killed Psyche
 10908 | D:10     | Reached skill level 13 in Axes
 11056 | D:10     | Found a bloodstained altar of Trog.
 11095 | D:10     | Reached XP level 12. HP: 97/97 MP: 17/20
 11280 | D:10     | You pick up a book of Dangerous Friends and begin
                  | reading...
 11479 | D:10     | Reached skill level 12 in Invocations
 11678 | D:10     | Acquired the amulet "Guriwok" {Reflect Drain rPois rC+++
                  | Dex+3 SH+5}
 11754 | D:10     | Noticed Grum
 11762 | D:10     | Killed Grum
 11896 | D:10     | Reached skill level 14 in Axes
 11971 | D:10     | You add the spells Alistair's Intoxication, Borgnjor's Vile
                  | Clutch and Eringya's Noxious Bog to your library.
 12159 | D:11     | Noticed a five-headed hydra
 12406 | D:11     | Found a staircase to the Lair.
 12408 | D:11     | Noticed a death yak
 12408 | D:11     | Noticed a death yak
 12409 | D:11     | Noticed a death yak
 12412 | D:11     | Noticed a death yak
 12413 | D:11     | Noticed a death yak
 12416 | D:11     | Noticed a death yak
 12419 | D:11     | Killed a death yak
 12421 | D:11     | Noticed a death yak
 12424 | D:11     | Killed a death yak
 12424 | D:11     | Received a gift from Okawaru
 12424 | D:11     | Found the +0 pair of fencer's gloves {Riposte Dex+3}
 12425 | D:11     | Noticed a death yak
 12432 | D:11     | Killed a death yak
 12432 | D:11     | Killed a death yak
 12433 | D:11     | Reached skill level 15 in Axes
 12434 | D:11     | Killed a death yak
 12436 | D:11     | Killed a death yak
 12442 | D:11     | Killed a death yak
 12443 | D:11     | Reached XP level 13. HP: 68/103 MP: 16/22
 12647 | D:11     | Reached skill level 16 in Axes
 12734 | D:11     | You pick up a book of the Tundra and begin reading...
 12734 | D:11     | You add the spells Hailstorm and Ice Form to your library.
 13176 | D:12     | Found a gate leading to a gauntlet.
 13207 | Gauntlet | Entered a Gauntlet
 13207 | Gauntlet | Found a transporter.
 13207 | Gauntlet | Found a transporter.
 13207 | Gauntlet | Found a runed translucent gate.
 13211 | Gauntlet | Found a runed translucent gate.
 13213 | Gauntlet | Found a runed translucent gate.
 13219 | Gauntlet | Found a transporter.
 13231 | Gauntlet | Found a transporter.
 13239 | Gauntlet | Found a transporter.
 13243 | Gauntlet | Found a transporter.
 13254 | Gauntlet | Found a transporter.
 13261 | Gauntlet | Found a runed translucent door.
 13272 | Gauntlet | Found a transporter.
 13290 | Gauntlet | Found a transporter.
 13295 | Gauntlet | Found a transporter.
 13303 | Gauntlet | Found a transporter.
 13307 | Gauntlet | Found a transporter.
 13352 | Gauntlet | Identified the +6 short sword "Redoomia" {drain, Will+}
 13460 | Gauntlet | Reached skill level 17 in Axes
 13476 | Gauntlet | Identified the +0 cloak of the Apprentice {Rampage rPois
                  | rC+}
 13684 | Gauntlet | Identified the +4 acid dragon scales of Integrity {rPois
                  | rCorr Str-4 Int+4 Slay+4}
 13684 | Gauntlet | Noticed a minotaur
 13694 | Gauntlet | Killed a minotaur
 13705 | Gauntlet | Identified the -1 cloak "Ucrumuum" {rPois}
 13707 | Gauntlet | Identified the +5 ring mail of Esutzar {Harm MP+9 Slay+2}
 13716 | Gauntlet | You add the spells Shock, Kindle Blastsparks, Passage of
                  | Golubria and Dispersal to your library.
 13716 | Gauntlet | Got the Book of Vapourous Superposition
 14304 | D:13     | Noticed a centaur warrior
 14310 | D:13     | Killed a centaur warrior
 14310 | D:13     | Reached ****** piety under Okawaru
 14318 | D:13     | HP: 23/103 [wraith (7)]
 14323 | D:13     | Reached skill level 18 in Axes
 14329 | D:13     | Received a gift from Okawaru
 14340 | D:13     | Hit by a large rock thrown by a cyclops

Vanquished Creatures
  A minotaur (Gauntlet)
  A centaur warrior (D:13)
  5 two-headed ogres
  8 death yaks (D:11)
  Pikel (D:5)
  A swamp dragon (shapeshifter) (D:13)
  A manticore (D:11)
  6 slime creatures (D:13)
  2 cyclopes (D:12)
  4 ugly things
  2 gargoyles
  Psyche (D:10)
  An unseen horror (D:13)
  An unseen horror zombie (D:8)
  4 trolls
  A hornet (D:9)
  Grinder (D:6)
  3 large abominations (Gauntlet)
  A jumping spider (shapeshifter) (Gauntlet)
  Sigmund (D:6)
  5 shadows
  3 wraiths
  3 wyverns
  Grum (D:10)
  Eustachio (D:6)
  19 yaks
  3 vampire mosquitoes (D:12)
  Menkaure (D:6)
  2 acid dragons
  2 water moccasins
  5 orc warriors
  2 black bears
  2 sky beasts
  7 ogres
  2 wolves (D:10)
  6 small abominations (Gauntlet)
  A hornet zombie (D:8)
  2 phantoms
  6 centaurs
  2 lemures (D:5)
  12 kobold brigands
  4 bullfrogs
  A necrophage (D:7)
  4 scorpions
  8 wights
  9 killer bees
  An elephant simulacrum (D:13)
  5 howler monkeys
  4 hounds
  3 orc priests
  6 jellies
  2 gnoll boudas
  6 iguanas
  11 orc wizards
  A merfolk avatar (Sewer)
  A spriggan simulacrum (D:13)
  A merfolk siren (Sewer)
  4 mummies (Ossuary)
  18 gnolls
  7 adders
  3 river rats
  A shadow imp (D:8)
  A white imp (D:5)
  2 ufetubi
  2 dart slugs
  45 orcs
  10 ball pythons
  12 endoplasms
  8 giant cockroaches
  22 goblins
  10 hobgoblins
  3 jackals
  30 kobolds
  10 quokkas
  4 bats
  8 frilled lizards
  A hobgoblin zombie (Ossuary)
  24 rats
425 creatures vanquished.

Vanquished Creatures (others)
  A wraith (D:13)
  4 demonic plants (Gauntlet)
  6 fungi (D:6)
  4 plants (D:4)
  8 toadstools (D:6)
23 creatures vanquished.

Grand Total: 448 creatures vanquished

Table legend:
 A = Non-vault XP
 B = Vault XP
 C = Vault XP percentage of total XP
 D = Non-vault monster count
 E = Vault monster count
 F = Vault count percentage of total count
                 A         B        C        D         E       F
            +---------+---------+-------+---------+---------+-------
      Total |   23102 |   19197 |  45.4 |     259 |     164 |  38.8
            +---------+---------+-------+---------+---------+-------
        D:1 |      24 |       0 |   0.0 |      14 |       0 |   0.0
        D:2 |      28 |       0 |   0.0 |      15 |       0 |   0.0
        D:3 |      40 |      63 |  61.2 |      16 |      15 |  48.4
        D:4 |     272 |     256 |  48.5 |      30 |       3 |   9.1
        D:5 |     719 |     685 |  48.8 |      15 |       1 |   6.2
        D:6 |    1487 |    1493 |  50.1 |      36 |      30 |  45.5
        D:7 |    1351 |      11 |   0.8 |      27 |       5 |  15.6
        D:8 |    2512 |     456 |  15.4 |      22 |       2 |   8.3
        D:9 |    2962 |    1328 |  31.0 |      23 |      20 |  46.5
       D:10 |    2791 |    3383 |  54.8 |      19 |      21 |  52.5
       D:11 |    2777 |    6543 |  70.2 |      13 |       9 |  40.9
       D:12 |    3481 |       0 |   0.0 |      15 |       0 |   0.0
       D:13 |    4658 |    1282 |  21.6 |      14 |       5 |  26.3
      Sewer |       0 |     154 | 100.0 |       0 |      37 | 100.0
    Ossuary |       0 |      73 | 100.0 |       0 |       5 | 100.0
   Gauntlet |       0 |    3470 | 100.0 |       0 |      11 | 100.0
            +---------+---------+-------+---------+---------+-------

Illustrated notes

Table legend:
 A = Kills in this place as a percentage of kills in entire the game.
 B = Kills by you in this place as a percentage of kills by you in the entire game.
 C = Kills by friends in this place as a percentage of kills by friends in the entire game.
 D = Other kills in this place as a percentage of other kills in the entire game.
 E = Experience gained in this place as a percentage of experience gained in the entire game.
 F = Experience gained in this place divided by the number of levels of this place that you have seen.
                   A       B       C       D       E      F
               +-------+-------+-------+-------+-------+----------------------
         Total | 100.0 | 100.0 |   N/A |   N/A | 100.0 | 2488.2
       Dungeon |  87.5 |  87.5 |   N/A |   N/A |  91.3 | 2969.4
         Sewer |   8.7 |   8.7 |   N/A |   N/A |   0.4 | 154.0
       Ossuary |   1.2 |   1.2 |   N/A |   N/A |   0.2 |  73.0
      Gauntlet |   2.6 |   2.6 |   N/A |   N/A |   8.2 | 3470.0
               +-------+-------+-------+-------+-------+----------------------

Table legend: (Time is in decaauts)
 A = Elapsed time spent in this place.
 B = Non-inter-level travel time spent in this place.
 C = Inter-level travel time spent in this place.
 D = Time resting spent in this place.
 E = Time spent auto-exploring this place.
 F = Levels seen in this place.
 G = Mean time per level.
                   A        B        C        D        E       F      G
               +--------+--------+--------+--------+--------+-----+--------+
         Total |  14320 |  13802 |    518 |   1649 |   9142 |  17 |  842.4 |
       Dungeon |  12330 |  11880 |    450 |   1086 |   8308 |  13 |  948.5 |
        Temple |    248 |    180 |     68 |      0 |    173 |   1 |  248.0 |
         Sewer |    812 |    812 |      0 |    314 |    290 |   1 |  812.0 |
       Ossuary |    385 |    385 |      0 |      0 |    216 |   1 |  385.0 |
      Gauntlet |    543 |    543 |      0 |    249 |    155 |   1 |  543.0 |
               +--------+--------+--------+--------+--------+-----+--------+

Top non-repeatable levels by time:
     D:6: 2134 daAuts
     D:9: 1737 daAuts
    D:10: 1227 daAuts
     D:2: 990 daAuts
     D:4: 948 daAuts
     D:3: 834 daAuts
   Sewer: 812 daAuts
     D:8: 807 daAuts
    D:11: 805 daAuts
     D:5: 757 daAuts
    D:12: 737 daAuts
     D:7: 671 daAuts
     D:1: 632 daAuts
Gauntlet: 543 daAuts
 Ossuary: 385 daAuts
